 Dungeon Crawl Stone Soup version 0.19-a0-27-g415f530 (webtiles) character file.

12101 namelastname112 the Cleaver (level 11, -24/100 HPs)
             Began as a Deep Dwarf Gladiator on May 1, 2016.
             Was the Champion of Makhleb.
             Killed from afar by Nergalle (47 damage)
             ... with a bolt of negative energy
             ... on level 11 of the Dungeon.
             The game lasted 00:22:13 (9895 turns).

namelastname112 the Cleaver (Deep Dwarf Gladiator)  Turns: 9895, Time: 00:22:14

Health: -24/100    AC: 14    Str: 20    XL:     11   Next: 58%
Magic:  17/17      EV: 14    Int:  9    God:    Makhleb [******]
Gold:   369        SH:  0    Dex: 13    Spells: 0 memorised, 10 levels left

rFire  . . .     SeeInvis .     s - +3 hand axe (freeze)
rCold  + . .     Gourm    .     N - +0 chain mail
rNeg   . . .     Faith    .     (no shield)
rPois  .         Spirit   .     C - +1 helmet
rElec  .         Dismiss  .     q - +0 cloak
rCorr  .         Reflect  .     (no gloves)
SustAt .         Harm     .     (no boots)
MR     +....     Rnd*Rage +     (no amulet)
Stlth  ..........               I - +4 ring of evasion
                                k - +2 ring of slaying

@: lethally poisoned (-24 -> -39), non-regenerating, heavily drained, somewhat
resistant to hostile enchantments, extremely unstealthy
A: damage resistance, recharge devices, talons 1, berserk 1, cold resistance 1,
sense surroundings 3, slow regeneration 3, weak 1
a: Device Recharging, Minor Destruction, Lesser Servant of Makhleb, Major
Destruction, Greater Servant of Makhleb, Renounce Religion


You were on level 11 of the Dungeon.
You worshipped Makhleb.
Makhleb was exalted by your worship.
You were very hungry.

You visited 2 branches of the dungeon, and saw 12 of its levels.

You collected 594 gold pieces.
You spent 225 gold pieces at shops.

Inventory:

Hand Weapons
 a - a +0 war axe
 r - a -2 executioner's axe
 s - a +3 hand axe of freezing (weapon)
Missiles
 d - 3 throwing nets (quivered)
Armour
 q - a +0 cloak (worn)
 C - a +1 helmet (worn)
 N - a +0 chain mail (worn)
Jewellery
 k - a +2 ring of slaying (left hand)
 I - a +4 ring of evasion (right hand)
Wands
 e - a wand of heal wounds (4/9)
 n - a wand of flame (22/48)
 o - a wand of hasting (3/9)
 v - a wand of flame (3/48)
 J - a wand of flame (2/48)
 O - a wand of confusion (17/48)
 P - a wand of flame (27/48)
Scrolls
 b - 5 scrolls of magic mapping
 i - 2 scrolls of enchant armour
 j - 3 scrolls of blinking
 l - 2 scrolls of fear
 p - a scroll of teleportation
 t - a scroll of amnesia
 B - 3 scrolls of remove curse
 E - a scroll of identify
 F - a scroll of recharging
Potions
 g - 5 potions of heal wounds
 h - 4 potions of berserk rage
 m - a potion of ambrosia
 u - 4 potions of lignification
 x - 5 potions of curing
 A - a potion of agility
 D - 2 potions of brilliance
 G - 3 potions of resistance
 H - 4 potions of flight
 K - a potion of might
Books
 w - a book of Fire

   Spells                             Type                      Level
   a - Ignite Poison                  Fire/Transmutation/Poison    3
   b - Fireball                       Conjuration/Fire             5
   c - Bolt of Fire                   Conjuration/Fire             6
   d - Delayed Fireball               Conjuration/Fire             7
   e - Ring of Flames                 Charms/Fire                  7
 y - a book of Geomancy

   Spells                             Type                      Level
   a - Sandblast                      Earth                        1
   b - Passwall                       Transmutation/Earth          2
   c - Stone Arrow                    Conjuration/Earth            3
   d - Petrify                        Transmutation/Earth          4
   e - Lee's Rapid Deconstruction     Earth                        5
Comestibles
 c - a fruit
 f - 8 bread rations
 z - 8 slices of pizza
 L - 6 beef jerkies
 M - 2 meat rations


   Skills:
 + Level 7.5(5.5) Fighting
 * Level 12.3(10.0) Axes
 - Level 1.7(0.0) Throwing
 + Level 8.7(6.7) Armour
 + Level 8.8(6.7) Dodging
 + Level 8.5(6.4) Invocations


You had 10 spell levels left.
You didn't know any spells.

Dungeon Overview and Level Annotations

Branches:
Dungeon (11/15)            Temple (1/1) D:5            Lair (0/8) D:9
    Orc (0/2) D:9

Altars:
Ashenzari
Cheibriados
Dithmenos
Elyvilon
Fedhas
Gozag
Kikubaaqudgha
Makhleb
Nemelex Xobeh
Okawaru
Pakellas
Qazlal
Ru
Sif Muna
Trog
Vehumet
Xom
Yredelemnul
Zin
The Shining One

Shops:
D:6 ?   D:8 }

Annotations:
D:11 Nergalle


Innate Abilities, Weirdness & Mutations

You are resistant to damage.
You can recharge devices by infusing magical energy.
You passively map a large area around you.
You do not regenerate naturally.
You have sharp toenails.
You tend to lose your temper in combat.
Your flesh is cold resistant.
You are weak. (Str -2)


Message History

You take 3 damage, and have 27/100 hp.
You closely miss Nergalle.
Nergalle is almost dead.
You hit the spectral orc knight but do no damage.
The spectral orc knight is severely damaged.
You hit the spectral orc warrior but do no damage.
The spectral orc warrior is lightly damaged.
You feel sick.
The spectral orc knight hits you but does no damage.
You take 2 damage, and have 25/100 hp.
You closely miss Nergalle.
Nergalle is almost dead.
You hit the spectral orc knight but do no damage.
The spectral orc knight is severely damaged.
You hit the spectral orc warrior but do no damage.
The spectral orc warrior is lightly damaged.
You feel sick. Nergalle casts a spell at you.
The bolt of negative energy hits you!
You feel drained.
You die...

#≈≈≈≈≈§≈≈..≈≈≈≈≈≈≈≈#....##
##≈≈≈§≈§≈.§≈≈≈≈§≈≈##....##
##§§§§≈≈..≈≈≈§≈≈###......
##§§≈≈≈..≈§§≈≈##...[....
##≈≈§§..≈§§≈###.####.##
##≈≈≈.§≈≈≈## #.# #.#
####ZZ#### #.# #.# #ZZ#
#.# #.# #@## #.# #.# #o#
#.# ##'## #Z# #.# #...#
#.# #.# #...' #.. ,* #.#
#...# #.. #.# #...# * *
#.. #.# #...# , #... #.#
#...# * * * * , #.# #...#


You could see Nergalle, a spectral orc, 2 spectral orc warriors and 2 spectral
orc knights.

Vanquished Creatures
  A centaur warrior (D:11)
  Erica (D:11)
  A manticore (D:11)
  An elephant (D:9)
  Psyche (D:8)
  2 two-headed ogres
  5 yaks
  Sigmund (D:3)
  A wyvern (D:8)
  A hog (D:10)
  A human (D:10)
  3 hippogriffs
  A hungry ghost (D:10)
  A steam dragon (D:11)
  Duvessa (D:7)
  2 water moccasins
  8 orc warriors
  3 sky beasts
  A phantom (D:11)
  3 ice beasts
  2 ogres
  7 centaurs
  2 crocodiles (D:9)
  A big kobold (D:9)
  8 giant frogs
  Dowan (D:7)
  3 scorpions (D:9)
  9 wights
  9 killer bees
  9 howler monkeys
  An electric eel (D:9)
  5 crimson imps
  2 centaur zombies
  2 giant frog zombies
  A lava snake (D:11)
  A quasit (D:9)
  7 jellies
  6 orc priests
  2 gnoll shamans
  3 centaur skeletons
  A giant frog skeleton (D:10)
  6 hounds
  17 orc wizards
  3 iguanas
  8 worker ants
  2 sheep (D:10)
  A hound zombie (D:10)
  3 hound skeletons
  11 gnolls
  A howler monkey skeleton (D:11)
  13 adders
  A shadow imp (D:6)
  An ooze (D:4)
  2 adder zombies
  2 adder skeletons
  A worm (D:4)
  2 dart slugs
  8 giant geckos
  42 orcs
  5 giant cockroaches
  14 goblins
  11 hobgoblins
  3 jackals (D:10)
  7 quokkas
  2 ball pythons
  14 bats
  4 giant newts
  11 kobolds
  12 rats
328 creatures vanquished.

Vanquished Creatures (others)
  A centaur skeleton (D:9)
  3 fungi (D:9)
4 creatures vanquished.

Grand Total: 332 creatures vanquished

Notes
Turn   | Place    | Note
--------------------------------------------------------------
     0 | D:1      | namelastname112 the Deep Dwarf Gladiator began the quest for the Orb.
     0 | D:1      | Reached XP level 1. HP: 19/19 MP: 1/1
   193 | D:1      | Reached XP level 2. HP: 26/26 MP: 2/2
   248 | D:1      | Reached skill level 1 in Armour
   706 | D:2      | Reached skill level 4 in Axes
   719 | D:2      | Reached XP level 3. HP: 24/32 MP: 3/3
   806 | D:2      | Found a shadowy altar of Dithmenos.
  1036 | D:2      | Found a white marble altar of Elyvilon.
  1252 | D:3      | Reached XP level 4. HP: 28/39 MP: 4/4
  1458 | D:3      | Found an iron altar of Okawaru.
  1500 | D:3      | Found a faded altar to an unknown god.
  1717 | D:3      | Noticed Sigmund
  1724 | D:3      | Killed Sigmund
  1724 | D:3      | Reached skill level 5 in Axes
  1724 | D:3      | Reached XP level 5. HP: 16/46 MP: 5/5
  1875 | D:3      | Reached XP level 6. HP: 19/55 MP: 6/6
  2172 | D:4      | Found a sparkling altar of Nemelex Xobeh.
  2843 | D:4      | Found a blossoming altar of Fedhas.
  2966 | D:5      | Entered Level 5 of the Dungeon
  3153 | D:5      | Noticed a sky beast
  3159 | D:5      | Got an encrusted long sword
  3182 | D:5      | Killed a sky beast
  3182 | D:5      | Reached skill level 6 in Axes
  3182 | D:5      | Reached XP level 7. HP: 32/62 MP: 7/7
  3186 | D:5      | Gained mutation: You tend to lose your temper in combat. [mutagenic meat]
  3187 | D:5      | Gained mutation: You passively map the area around you. [mutagenic meat]
  3188 | D:5      | Gained mutation: Scrolls take you a little longer to read. [mutagenic meat]
  3189 | D:5      | Gained mutation: You are frail (-10% HP). [mutagenic meat]
  3190 | D:5      | Lost mutation: Scrolls take you a little longer to read. [mutagenic meat]
  3191 | D:5      | Lost mutation: You are frail (-10% HP). [mutagenic meat]
  3244 | D:5      | Identified the cursed +0 long sword of the Evening {antimagic, +Inv rPois rF++} (You found it on level 5 of the Dungeon)
  3283 | D:5      | Reached skill level 5 in Dodging
  3499 | D:5      | Found a staircase to the Ecumenical Temple.
  3506 | Temple   | Entered the Ecumenical Temple
  3653 | Temple   | Became a worshipper of Makhleb the Destroyer
  3654 | Temple   | namelastname112: охуеть
  3654 | Temple   | namelastname112: вот это апты
  3705 | D:5      | Reached skill level 1 in Invocations
  3724 | D:5      | Reached skill level 7 in Axes
  3948 | D:5      | Reached XP level 8. HP: 31/72 MP: 9/9
  4400 | D:6      | Reached skill level 5 in Armour
  4791 | D:6      | Reached * piety under Makhleb
  4795 | D:6      | Reached skill level 8 in Axes
  5145 | D:6      | Gained mutation: You have sharp toenails. [potion of mutation]
  5145 | D:6      | Gained mutation: Your flesh is cold resistant. [potion of mutation]
  5431 | D:6      | Found Umeomn's Magic Scroll Shoppe.
  5434 | D:6      | Bought 3 scrolls of blinking for 225 gold pieces
  5679 | D:7      | Noticed Duvessa
  5680 | D:7      | Noticed Dowan
  5693 | D:7      | Killed Duvessa
  5710 | D:7      | Killed Dowan
  5782 | D:7      | Found a bloodstained altar of Trog.
  5817 | D:7      | Gained mutation: You passively map a large area around you. [Deep Dwarf growth]
  5817 | D:7      | Reached XP level 9. HP: 70/79 MP: 11/11
  5861 | D:7      | Reached ** piety under Makhleb
  5971 | D:7      | Found an oddly glowing altar of Pakellas.
  5973 | D:7      | Found a snail-covered altar of Cheibriados.
  6123 | D:7      | Reached skill level 9 in Axes
  6213 | D:7      | Reached skill level 5 in Fighting
  6637 | D:8      | Reached *** piety under Makhleb
  6646 | D:8      | Noticed Psyche
  6651 | D:8      | Reached skill level 5 in Invocations
  6664 | D:8      | Killed Psyche
  6664 | D:8      | Reached skill level 10 in Axes
  6735 | D:8      | Reached XP level 10. HP: 85/91 MP: 14/14
  7276 | D:8      | Found Loifoph's Gadget Shoppe.
  7301 | D:8      | Gained mutation: You are weak. (Str -2) [mutagenic meat]
  7346 | D:9      | Reached **** piety under Makhleb
  7466 | D:9      | Found an ancient bone altar of Kikubaaqudgha.
  7469 | D:9      | Found a stormy altar of Qazlal.
  7472 | D:9      | Found a glowing silver altar of Zin.
  7588 | D:9      | Found a staircase to the Orcish Mines.
  7661 | D:9      | Noticed an elephant
  7676 | D:9      | Reached ***** piety under Makhleb
  7676 | D:9      | Reached skill level 11 in Axes
  7686 | D:9      | Killed an elephant
  7695 | D:9      | Found a staircase to the Lair.
  8177 | D:10     | Entered Level 10 of the Dungeon
  8424 | D:10     | Reached XP level 11. HP: 99/99 MP: 16/16
  8800 | D:10     | Reached ****** piety under Makhleb
  9007 | D:11     | Noticed Erica
  9022 | D:11     | Killed Erica
  9215 | D:11     | Noticed a centaur warrior
  9217 | D:11     | Reached skill level 12 in Axes
  9242 | D:11     | Killed a centaur warrior
  9841 | D:11     | Noticed Nergalle
  9895 | D:11     | Killed from afar by Nergalle

Vault maps used:
D:1:      minmay_arrival_radiant_lines, minmay_misc_feat_cross,
          serial_bayou_crossing
D:2:      nicolae_dithmenos_shadow_blocks, first_bread, st_stairs_14,
          minivault_19, elyvilon_altar_3
D:3:      ecumenical_altar_2, okawaru_ov_weapons_minmay, uniq_sigmund
D:4:      lemuel_coloured_pillars_altar, nemelex_spade_bored_becter
D:5:      minmay_temple_entry_statues_fountains
D:6:      nicolae_whirlpool, serial_shops, kennysheep_mini
D:7:      cheibriados_altar_1, overflow_temple_1_default,
          kennysheep_minor_cross, trog_hazing_becter, uniq_duvessa
D:8:      serial_shops, nicolae_shop_stone, uniq_psyche
D:9:      old_forge, grunt_temple_overflow_diamond, david_lair_generic,
          david_orc_4, fountainhead
D:10:     grunt_livestock
D:11:     kennysheep_big_flooded_room, dk_noncrumbling_2, uniq_erica,
          uniq_nergalle
Temple:   water_room_temple_b_12

Skill      XL: |  1  2  3  4  5  6  7  8  9 10 11 |
---------------+----------------------------------+-----
Armour         | 1 2 3 4 5 6 7 8 |  8.7
Axes           | 4 5 6 7 8 10 11 12 | 12.3
Fighting       | 2 3 4 5 6 7 |  7.5
Dodging        | 4 5 6 7 8 |  8.8
Invocations    | 1 3 5 7 8 |  8.5
Throwing       | |  1.7

Action                   |  1- 3 |  4- 6 |  7- 9 | 10-12 || total
-------------------------+-------+-------+-------+-------++-------
Melee: War axe           |    67 |       |       |       ||    67
       Hand axe          |    21 |   131 |   310 |   543 ||  1005
       Kick              |       |       |    69 |   186 ||   255
Throw: Throwing net      |       |       |       |     1 ||     1
Evoke: Wand              |       |     3 |     7 |       ||    10
  Use: Scroll            |       |       |    24 |     2 ||    26
       Potion            |       |       |     1 |       ||     1
 Stab: Invisible         |       |       |     7 |       ||     7
  Eat: Chunk             |     1 |     6 |    20 |    18 ||    45
       Pizza             |       |       |     1 |       ||     1
Armor: Leather armour    |     9 |       |       |       ||     9
       Scale mail        |    30 |    53 |    33 |       ||   116
       Chain mail        |       |       |    87 |   189 ||   276
Dodge: Dodged            |    69 |    75 |   215 |   345 ||   704
